Remparts vs Demolitions (R1)

Created - 8 décembre 2016 at 19:28

Goals
1 2 3 T
Remparts 1 1 4 6
Demolitions 0 0 2 2
Shots
1 2 3 T
Remparts 14 10 21 45
Demolitions 6 8 8 22

1st period

1. Remparts , Jonathan Cheechoo 8 (Johannes Salmonsson, Janne Niskala) at 8:11

Penalties :
Seth Helgeson (Vic) for Roughing (Minor) at 5:33

2nd period

2. Remparts , Rico Fata 10 (Guillaume Desbiens, Jonathan Matsumoto) at 4:15

Penalties :
Johannes Salmonsson (Que) for Hooking (Minor) at 6:07, Matt D'Agostini (Vic) for Hooking (Minor) at 12:48, Robert Bortuzzo (Vic) for Roughing (Minor) at 17:05

3rd period

3. Remparts , Keith Ballard 1 (Pasi Salonen, Jonathan Matsumoto) at 4:25 (PP)
4. Demolitions , Nicolas Blanchard 4 (Matt D'Agostini) at 5:22
5. Demolitions , Doug Janik 4 (Nikolai Zherdev, Darren Helm) at 8:26 (PP)
6. Remparts , Pasi Salonen 4 (Jonathan Matsumoto) at 9:38
7. Remparts , Jonathan Matsumoto 17 (Petr Straka, Erik Gudbranson) at 15:50 (PP)
8. Remparts , Pasi Salonen 5 (Jonathan Matsumoto) at 16:41

Penalties :
Nikolai Zherdev (Vic) for Holding (Minor) at 4:22, Petr Straka (Que) for Holding (Minor) at 8:21, Bobby Butler (Vic) for Hooking (Minor) at 10:41, Nigel Dawes (Vic) for Elbowing (Minor) at 15:38

Goalie Stats

Keith Kinkaid (Que), 20 saves from 22 shots - (0,909), W, 9-2-2, 60:00 minutes
Brent Krahn (Vic), 39 saves from 45 shots - (0,867), L, 9-7-2, 60:00 minutes

Players Stats for Remparts

Player Name              G  A  P  +/- PIM S  H  SB GA TA FO     MP     PP MP  PK MP  
------------------------------------------------------------------------------------
Cédric Lalonde-McNicoll  0  0  0   1  0   1  3  1  1  0  8/14   18:10   3:44   1:06 
Chris Mueller            0  0  0   0  0   1  0  0  0  1  1/3     7:38   0:00   0:00 
Dale Weise               0  0  0   0  0   0  1  0  0  0  0/1     7:38   0:00   0:00 
Erik Gudbranson          0  1  1   1  0   9  2  2  1  2  0/0    28:20   5:19   1:00 
Guillaume Desbiens       0  1  1   1  0   3  2  0  0  0  0/0    16:42   3:44   0:00 
Janne Niskala            0  1  1   2  0   0  0  2  0  0  0/0    12:36   0:00   1:04 
Johannes Salmonsson      0  1  1   0  2   5  1  0  0  0  0/1    13:11   0:00   0:05 
Jonathan Cheechoo        1  0  1   0  0   4  1  0  0  0  0/1    14:13   0:10   0:48 
Jonathan Matsumoto       1  4  5   2  0   6  1  0  2  0  15/41  20:29   4:27   0:00 
Keith Ballard            1  0  1   1  0   6  2  3  0  1  0/0    28:08   5:19   0:48 
Luca Caputi              0  0  0   0  0   0  1  0  1  0  0/0     7:41   0:00   0:03 
Max Reinhart             0  0  0   0  0   1  3  1  0  0  2/5    13:40   0:10   0:37 
Nate Guenin              0  0  0   0  0   0  1  0  0  1  0/0    19:04   2:52   0:00 
Pasi Salonen             2  1  3   2  0   7  4  0  0  1  1/2    21:00   4:17   0:49 
Petr Straka              0  1  1   2  2   0  3  0  0  0  0/2    20:10   4:17   0:00 
Rico Fata                1  0  1   1  0   1  2  0  1  0  0/0    17:22   3:44   0:40 
Ty Wishart               0  0  0   0  0   1  0  1  0  0  0/0    19:16   2:52   0:12 
William Colbert          0  0  0   2  0   0  2  3  0  0  0/0    12:36   0:00   1:04 

Players Stats for Demolitions

Player Name              G  A  P  +/- PIM S  H  SB GA TA FO     MP     PP MP  PK MP  
------------------------------------------------------------------------------------
Alex Hutchings           0  0  0   0  0   1  0  0  0  0  0/0     8:06   0:09   1:49 
Andrew Campbell          0  0  0  -1  0   0  0  1  0  1  0/0     9:48   0:00   0:22 
Billy Sweat              0  0  0  -1  0   1  0  0  0  0  1/1    12:37   0:00   0:00 
Bobby Butler             0  0  0  -2  2   1  0  0  0  1  0/0    20:09   1:04   3:24 
Cameron Schilling        0  0  0  -2  0   0  1  1  1  1  0/0    25:33   1:14   4:20 
Darren Helm              0  1  1  -3  0   0  0  0  0  0  21/32  20:40   1:04   2:45 
David Laliberté          0  0  0   0  0   1  0  0  0  0  0/0     6:10   0:09   0:00 
David Rundblad           0  0  0   1  0   0  2  1  1  1  0/0    19:33   0:50   3:27 
Doug Janik               1  0  1  -2  0   1  0  0  0  1  0/0    25:35   1:14   4:22 
Marek Zagrapan           0  0  0   0  0   1  1  0  0  0  6/12   15:19   0:51   0:00 
Matt D'Agostini          0  1  1  -1  2   3  2  1  1  0  1/2    14:15   0:09   0:00 
Nick Pryor               0  0  0  -1  0   0  0  0  0  0  0/0     5:04   0:00   0:00 
Nicolas Blanchard        1  0  1   0  0   5  0  0  0  0  6/12   14:56   0:00   1:56 
Nigel Dawes              0  0  0   0  2   3  1  0  2  1  0/1    18:27   0:51   2:19 
Nikolai Zherdev          0  1  1  -2  2   5  1  1  1  0  8/8    25:37   1:04   4:09 
Robert Bortuzzo          0  0  0  -1  2   0  1  2  0  0  0/0    10:43   0:00   0:51 
Ryan Vesce               0  0  0   0  0   0  2  1  0  0  0/2    15:19   0:51   0:00 
Seth Helgeson            0  0  0   1  2   0  0  0  0  0  0/0    17:58   0:50   2:10 
Taylor Aronson           0  0  0  -1  0   0  0  0  0  0  0/0     5:54   0:00   0:50 

3 Stars

1 - Jonathan Matsumoto (Que)
2 - Pasi Salonen (Que)
3 - Keith Ballard (Que)

Power Play

Remparts - 2 on 6 Attempt(s) - 33,33%
Demolitions - 1 on 2 Attempt(s) - 50,00%

Penalty Kill

Remparts - 1 on 2 Attempt(s) - 50,00% - Score 0 goal in Penalty Kill
Demolitions - 4 on 6 Attempt(s) - 66,67% - Score 0 goal in Penalty Kill

Team Stat

Remparts - Hits : 29 - Faceoff Wins : 27 - Blocked Shots : 13 - Penalty Minutes : 4
Demolitions - Hits : 11 - Faceoff Wins : 43 - Blocked Shots : 8 - Penalty Minutes : 12

Official

Referees : Watson Brad and Dwyer Gord
Linesman : David Brisebois and Steve Miller

Game Notes

No Game Note

Finance

Level 1 -- Attendance: 1561 (78,05%) -- Ticket Income 54 635 $
Level 2 -- Attendance: 784 (78,40%) -- Ticket Income 11 760 $
Total Attendance: 2345 (78,17%)
Total Ticket Income: 66 395 $
Other Income: 3 320 $
Total Income: 69 715 $

Remparts

5 vs 5 Forward 
   Center                   Left Wing                Right Wing               Time % Phy DF OF 
 1 Jonathan Matsumoto       Pasi Salonen             Petr Straka              40     0   2  3  
 2 Cédric Lalonde-McNicoll  Rico Fata                Guillaume Desbiens       30     0   2  3  
 3 Max Reinhart             Johannes Salmonsson      Jonathan Cheechoo        20     0   3  2  
 4 Chris Mueller            Luca Caputi              Dale Weise               10     1   2  2  

5 vs 5 Defense 
   Defense                  Defense                                           Time % Phy DF OF 
 1 Erik Gudbranson          Keith Ballard                                     40     0   2  3  
 2 Nate Guenin              Ty Wishart                                        30     0   2  3  
 3 William Colbert          Janne Niskala                                     20     1   2  2  
 4 Erik Gudbranson          Keith Ballard                                     10     0   2  3  

PowerPlay Forward 
   Center                   Left Wing                Right Wing               Time % Phy DF OF 
 1 Jonathan Matsumoto       Pasi Salonen             Petr Straka              60     0   1  4  
 2 Cédric Lalonde-McNicoll  Rico Fata                Guillaume Desbiens       40     0   1  4  

PowerPlay Defense
   Defense                  Defense                                           Time % Phy DF OF 
 1 Erik Gudbranson          Keith Ballard                                     60     0   2  3  
 2 Nate Guenin              Ty Wishart                                        40     0   2  3  

Penalty Kill 4 Players Forward 
   Center                   Wing                     Time % Phy DF OF 
 1 Cédric Lalonde-McNicoll  Johannes Salmonsson      60     1   4  0  
 2 Max Reinhart             Pasi Salonen             40     1   4  0  

Penalty Kill 4 Players Defense
   Defense                  Defense                  Time % Phy DF OF 
 1 Erik Gudbranson          Keith Ballard            60     1   4  0  
 2 Janne Niskala            William Colbert          40     1   4  0  

Penalty Kill - 3 Players Forward 
   Forward                                           Time % Phy DF OF 
 1 Cédric Lalonde-McNicoll                           60     1   4  0  
 2 Max Reinhart                                      40     1   4  0  

Penalty Kill - 3 Players Defense
   Defense                  Defense                  Time % Phy DF OF 
 1 Erik Gudbranson          Keith Ballard            60     1   4  0  
 2 Janne Niskala            William Colbert          40     1   4  0  

4 vs 4 Forward 
   Center                   Wing                     Time % Phy DF OF 
 1 Jonathan Matsumoto       Pasi Salonen             60     0   2  3  
 2 Cédric Lalonde-McNicoll  Guillaume Desbiens       40     1   2  2  

4 vs 4 Defense
   Defense                  Defense                  Time % Phy DF OF 
 1 Erik Gudbranson          Keith Ballard            60     0   2  3  
 2 Nate Guenin              Ty Wishart               40     1   2  2  

Last Minutes Offensive
   Center                   Left Wing                Right Wing               Defense                  Defense                  
   Jonathan Matsumoto       Pasi Salonen             Petr Straka              Erik Gudbranson          Keith Ballard            

Last Minutes Defensive
   Center                   Left Wing                Right Wing               Defense                  Defense                  
   Max Reinhart             Pasi Salonen             Jonathan Cheechoo        Erik Gudbranson          Keith Ballard            

Goaltenders
Starting : Keith Kinkaid            
Backup : Petr Mrazek              

Extra Forwards
Normal : Pasi Salonen, Max Reinhart, Petr Straka - PP : Petr Straka, Max Reinhart - PK : Jonathan Cheechoo
Extra Defensemen
Normal : William Colbert, Erik Gudbranson, Ty Wishart - PP : Ty Wishart - PK : Ty Wishart, Erik Gudbranson
Penalty Shots
Pasi Salonen, Cédric Lalonde-McNicoll, Jonathan Cheechoo, Rico Fata, Jonathan Matsumoto

Demolitions

5 vs 5 Forward 
   Center                   Left Wing                Right Wing               Time % Phy DF OF 
 1 Darren Helm              Bobby Butler             Nikolai Zherdev          40     1   2  2  
 2 Marek Zagrapan           Nigel Dawes              Ryan Vesce               30     1   2  2  
 3 Nicolas Blanchard        Billy Sweat              Matt D'Agostini          20     1   2  2  
 4 Nikolai Zherdev          Alex Hutchings           David Laliberté          10     1   2  2  

5 vs 5 Defense 
   Defense                  Defense                                           Time % Phy DF OF 
 1 Doug Janik               Cameron Schilling                                 40     1   2  2  
 2 Seth Helgeson            David Rundblad                                    30     1   2  2  
 3 Andrew Campbell          Robert Bortuzzo                                   20     1   2  2  
 4 Taylor Aronson           Nick Pryor                                        10     1   2  2  

PowerPlay Forward 
   Center                   Left Wing                Right Wing               Time % Phy DF OF 
 1 Darren Helm              Bobby Butler             Nikolai Zherdev          60     1   2  2  
 2 Marek Zagrapan           Nigel Dawes              Ryan Vesce               40     1   2  2  

PowerPlay Defense
   Defense                  Defense                                           Time % Phy DF OF 
 1 Doug Janik               Cameron Schilling                                 60     1   2  2  
 2 Seth Helgeson            David Rundblad                                    40     1   2  2  

Penalty Kill 4 Players Forward 
   Center                   Wing                     Time % Phy DF OF 
 1 Nikolai Zherdev          Bobby Butler             60     1   2  2  
 2 Nigel Dawes              Darren Helm              40     1   2  2  

Penalty Kill 4 Players Defense
   Defense                  Defense                  Time % Phy DF OF 
 1 Doug Janik               Cameron Schilling        60     1   2  2  
 2 Seth Helgeson            David Rundblad           40     1   2  2  

Penalty Kill - 3 Players Forward 
   Forward                                           Time % Phy DF OF 
 1 Nikolai Zherdev                                   60     1   2  2  
 2 Bobby Butler                                      40     1   2  2  

Penalty Kill - 3 Players Defense
   Defense                  Defense                  Time % Phy DF OF 
 1 Doug Janik               Cameron Schilling        60     1   2  2  
 2 Seth Helgeson            David Rundblad           40     1   2  2  

4 vs 4 Forward 
   Center                   Wing                     Time % Phy DF OF 
 1 Nikolai Zherdev          Bobby Butler             60     1   2  2  
 2 Nigel Dawes              Darren Helm              40     1   2  2  

4 vs 4 Defense
   Defense                  Defense                  Time % Phy DF OF 
 1 Doug Janik               Cameron Schilling        60     1   2  2  
 2 Seth Helgeson            David Rundblad           40     1   2  2  

Last Minutes Offensive
   Center                   Left Wing                Right Wing               Defense                  Defense                  
   Darren Helm              Bobby Butler             Nikolai Zherdev          Doug Janik               Cameron Schilling        

Last Minutes Defensive
   Center                   Left Wing                Right Wing               Defense                  Defense                  
   Darren Helm              Bobby Butler             Nikolai Zherdev          Doug Janik               Cameron Schilling        

Goaltenders
Starting : Brent Krahn              
Backup : Joe Cannata              

Extra Forwards
Normal : Matt D'Agostini, David Laliberté, Nicolas Blanchard - PP : Matt D'Agostini, David Laliberté - PK : Nicolas Blanchard
Extra Defensemen
Normal : Andrew Campbell, Robert Bortuzzo, Taylor Aronson - PP : Andrew Campbell - PK : Robert Bortuzzo, Taylor Aronson
Penalty Shots
Nikolai Zherdev, Bobby Butler, Nigel Dawes, Darren Helm, Ryan Vesce

% Time on Ice - Remparts

Lines # - Real PCT - Wanted PCT - Time Play
Normal Forward
1 - 33% - 40% - 16:24
2 - 26% - 30% - 12:58
3 - 26% - 20% - 12:45
4 - 15% - 10% - 7:38
Normal Defense
1 - 40% - 40% - 19:53
2 - 33% - 30% - 16:15
3 - 23% - 20% - 11:29
4 - 4% - 10% - 2:08
PP Forward
1 - 54% - 60% - 4:27
2 - 46% - 40% - 3:44
PP Defense
1 - 65% - 60% - 5:19
2 - 35% - 40% - 2:52
PK Forward
1 - 100% - 60% - 2:04
2 - 0% - 40% - 0:00
PK Defense
1 - 48% - 60% - 1:00
2 - 52% - 40% - 1:04
PK3 Forward
1 - 0% - 60%
2 - 0% - 40%
PK3 Defense
1 - 0% - 60%
2 - 0% - 40%
44 Forward
1 - 0% - 60%
2 - 0% - 40%
44 Defense
1 - 0% - 60%
2 - 0% - 40%
Last Minute Offensive  - 0:00
Last Minute Defensive  - 0:00
Total
Forward - 60:00
Defense - 60:00

% Time on Ice - Demolitions

Lines # - Real PCT - Wanted PCT - Time Play
Normal Forward
1 - 32% - 40% - 16:02
2 - 31% - 30% - 15:18
3 - 25% - 20% - 12:37
4 - 12% - 10% - 5:48
Normal Defense
1 - 40% - 40% - 19:59
2 - 31% - 30% - 15:16
3 - 19% - 20% - 9:26
4 - 10% - 10% - 5:04
PP Forward
1 - 59% - 60% - 1:13
2 - 41% - 40% - 0:51
PP Defense
1 - 60% - 60% - 1:14
2 - 40% - 40% - 0:50
PK Forward
1 - 79% - 60% - 6:27
2 - 21% - 40% - 1:44
PK Defense
1 - 60% - 60% - 4:54
2 - 40% - 40% - 3:17
PK3 Forward
1 - 0% - 60%
2 - 0% - 40%
PK3 Defense
1 - 0% - 60%
2 - 0% - 40%
44 Forward
1 - 0% - 60%
2 - 0% - 40%
44 Defense
1 - 0% - 60%
2 - 0% - 40%
Last Minute Offensive  - 0:00
Last Minute Defensive  - 0:00
Total
Forward - 60:00
Defense - 60:00

Play by Play

1st period


0:01 of 1st period - Darren Helm wins face-off versus Jonathan Matsumoto in neutral zone.
0:10 of 1st period - Snap shot by Jonathan Matsumoto.
0:10 of 1st period - Stopped by Brent Krahn with a rebound.
0:12 of 1st period - Slapshot by Erik Gudbranson.
0:12 of 1st period - Stopped by Brent Krahn without a rebound.
0:13 of 1st period - Marek Zagrapan wins face-off versus Cédric Lalonde-McNicoll in Demolitions zone.
1:39 of 1st period - Wrist shot by Johannes Salmonsson.
1:39 of 1st period - Deflect By Jonathan Cheechoo.
1:39 of 1st period - Shot Misses the Net.
1:39 of 1st period - Puck is out of play.
1:40 of 1st period - Nikolai Zherdev wins face-off versus Jonathan Cheechoo in Demolitions zone.
2:03 of 1st period - Nick Pryor is hit by Jonathan Cheechoo and loses puck.
2:10 of 1st period - Slapshot by Nikolai Zherdev.
2:10 of 1st period - Deflect By Erik Gudbranson.
2:10 of 1st period - Shot Misses the Net.
2:10 of 1st period - Puck is out of play.
2:11 of 1st period - Jonathan Matsumoto wins face-off versus Nicolas Blanchard in Remparts zone.
2:43 of 1st period - Cédric Lalonde-McNicoll is hit by David Rundblad and loses puck.
2:58 of 1st period - Wrist shot by Nikolai Zherdev.
2:58 of 1st period - Deflect By Bobby Butler.
2:58 of 1st period - Shot Blocked by Keith Ballard.
2:58 of 1st period - Puck is out of play.
2:59 of 1st period - Darren Helm wins face-off versus Chris Mueller in Remparts zone.
3:00 of 1st period - Wrist shot by Nikolai Zherdev.
3:00 of 1st period - Stopped by Keith Kinkaid without a rebound.
3:01 of 1st period - Chris Mueller wins face-off versus Darren Helm in Remparts zone.
3:10 of 1st period - Slapshot by Chris Mueller.
3:10 of 1st period - Stopped by Brent Krahn with a rebound.
3:23 of 1st period - Icing by William Colbert.
3:24 of 1st period - Nicolas Blanchard wins face-off versus Jonathan Matsumoto in Remparts zone.
3:37 of 1st period - Slapshot by Billy Sweat.
3:37 of 1st period - Shot Blocked by Janne Niskala.
4:01 of 1st period - Slapshot by Johannes Salmonsson.
4:01 of 1st period - Shot Misses the Net.
4:57 of 1st period - Wrist shot by Chris Mueller.
4:57 of 1st period - Deflect By Johannes Salmonsson.
4:57 of 1st period - Stopped by Brent Krahn with a rebound.
4:59 of 1st period - Wrist shot by Johannes Salmonsson.
4:59 of 1st period - Stopped by Brent Krahn without a rebound.
5:00 of 1st period - Max Reinhart wins face-off versus Marek Zagrapan in Demolitions zone.
5:33 of 1st period - Minor Penalty to Seth Helgeson for Roughing.
5:34 of 1st period - Nikolai Zherdev wins face-off versus Jonathan Matsumoto in Demolitions zone.
7:32 of 1st period - Erik Gudbranson is hit by David Rundblad and loses puck.
7:33 of 1st period - Penalty to Seth Helgeson is over, Seth Helgeson is back on ice.
7:51 of 1st period - Snap shot by Janne Niskala.
7:51 of 1st period - Shot Blocked by Ryan Vesce.
8:09 of 1st period - Snap shot by Johannes Salmonsson.
8:09 of 1st period - Stopped by Brent Krahn with a rebound.
8:11 of 1st period - Snap shot by Johannes Salmonsson.
8:11 of 1st period - Deflect By Jonathan Cheechoo.
8:11 of 1st period - Goal by Jonathan Cheechoo - Remparts : 1 - Demolitions : 0.
8:12 of 1st period - Darren Helm wins face-off versus Jonathan Matsumoto in neutral zone.
8:37 of 1st period - Cameron Schilling is hit by Erik Gudbranson and loses puck.
9:02 of 1st period - Slapshot by Nikolai Zherdev.
9:02 of 1st period - Stopped by Keith Kinkaid with a rebound.
9:22 of 1st period - Wrist shot by Johannes Salmonsson.
9:22 of 1st period - Stopped by Brent Krahn with a rebound.
9:24 of 1st period - Backhand shot by Erik Gudbranson.
9:24 of 1st period - Stopped by Brent Krahn without a rebound.
9:25 of 1st period - Jonathan Matsumoto wins face-off versus Ryan Vesce in Demolitions zone.
9:58 of 1st period - Off-side.
9:59 of 1st period - Cédric Lalonde-McNicoll wins face-off versus Marek Zagrapan in neutral zone.
10:11 of 1st period - Wrist shot by Ryan Vesce.
10:11 of 1st period - Shot Blocked by William Colbert.
10:13 of 1st period - Snap shot by Nigel Dawes.
10:13 of 1st period - Stopped by Keith Kinkaid with a rebound.
10:15 of 1st period - Backhand shot by Seth Helgeson.
10:15 of 1st period - Shot Blocked by William Colbert.
10:34 of 1st period - Off-side.
10:35 of 1st period - Marek Zagrapan wins face-off versus Jonathan Matsumoto in neutral zone.
11:02 of 1st period - Icing by Cameron Schilling.
11:03 of 1st period - Marek Zagrapan wins face-off versus Chris Mueller in Demolitions zone.
11:34 of 1st period - Bobby Butler is hit by Pasi Salonen and loses puck.
12:27 of 1st period - Wrist shot by Nikolai Zherdev.
12:27 of 1st period - Stopped by Keith Kinkaid with a rebound.
12:51 of 1st period - David Rundblad is hit by Rico Fata and loses puck.
13:08 of 1st period - Snap shot by Bobby Butler.
13:08 of 1st period - Shot Misses the Net.
13:22 of 1st period - Wrist shot by Matt D'Agostini.
13:22 of 1st period - Stopped by Keith Kinkaid without a rebound.
13:23 of 1st period - Nicolas Blanchard wins face-off versus Max Reinhart in Remparts zone.
13:34 of 1st period - Slapshot by Erik Gudbranson.
13:34 of 1st period - Deflect By Matt D'Agostini.
13:34 of 1st period - Stopped by Brent Krahn with a rebound.
13:38 of 1st period - Slapshot by Keith Ballard.
13:38 of 1st period - Stopped by Brent Krahn without a rebound.
13:39 of 1st period - Jonathan Matsumoto wins face-off versus Darren Helm in Demolitions zone.
13:40 of 1st period - Snap shot by Pasi Salonen.
13:40 of 1st period - Stopped by Brent Krahn without a rebound.
13:41 of 1st period - Darren Helm wins face-off versus Pasi Salonen in Demolitions zone.
15:23 of 1st period - Nikolai Zherdev is hit by Cédric Lalonde-McNicoll and loses puck.
16:07 of 1st period - Snap shot by Nicolas Blanchard.
16:07 of 1st period - Shot Misses the Net.
16:10 of 1st period - Icing by Erik Gudbranson.
16:11 of 1st period - Darren Helm wins face-off versus Cédric Lalonde-McNicoll in Remparts zone.
16:20 of 1st period - Wrist shot by Nikolai Zherdev.
16:20 of 1st period - Stopped by Keith Kinkaid with a rebound.
16:26 of 1st period - Wrist shot by Nikolai Zherdev.
16:26 of 1st period - Shot Blocked by Erik Gudbranson.
17:04 of 1st period - Slapshot by Jonathan Matsumoto.
17:04 of 1st period - Shot Misses the Net.
17:06 of 1st period - Snap shot by Pasi Salonen.
17:06 of 1st period - Stopped by Brent Krahn without a rebound.
17:07 of 1st period - Billy Sweat wins face-off versus Jonathan Matsumoto in Demolitions zone.
17:20 of 1st period - Snap shot by Pasi Salonen.
17:20 of 1st period - Shot Blocked by Robert Bortuzzo.
17:22 of 1st period - Snap shot by Jonathan Matsumoto.
17:22 of 1st period - Stopped by Brent Krahn with a rebound.
17:26 of 1st period - Snap shot by Petr Straka.
17:26 of 1st period - Shot Blocked by Matt D'Agostini.
17:28 of 1st period - Snap shot by Pasi Salonen.
17:28 of 1st period - Shot Misses the Net.
17:30 of 1st period - Snap shot by Petr Straka.
17:30 of 1st period - Deflect By Billy Sweat.
17:30 of 1st period - Shot Misses the Net.
17:30 of 1st period - Puck is out of play.
17:31 of 1st period - Darren Helm wins face-off versus Johannes Salmonsson in Demolitions zone.
17:31 of 1st period - Darren Helm is hit by William Colbert.
17:43 of 1st period - Wrist shot by Bobby Butler.
17:43 of 1st period - Shot Blocked by William Colbert.
17:57 of 1st period - Cédric Lalonde-McNicoll is hit by Ryan Vesce and loses puck.
18:04 of 1st period - Snap shot by Marek Zagrapan.
18:04 of 1st period - Shot Misses the Net.
18:34 of 1st period - Slapshot by Janne Niskala.
18:34 of 1st period - Shot Blocked by Robert Bortuzzo.
18:44 of 1st period - Backhand shot by Nicolas Blanchard.
18:44 of 1st period - Shot Misses the Net.
19:36 of 1st period - Matt D'Agostini is hit by Guillaume Desbiens and loses puck.
Goals for this period are 1 for Remparts vs 0 for Demolitions.
Shots for this period are 14 for Remparts vs 6 for Demolitions.

2nd period


0:01 of 2nd period - Darren Helm wins face-off versus Jonathan Matsumoto in neutral zone.
0:03 of 2nd period - Off-side.
0:04 of 2nd period - Darren Helm wins face-off versus Jonathan Matsumoto in neutral zone.
0:53 of 2nd period - Slapshot by Bobby Butler.
0:53 of 2nd period - Shot Blocked by Keith Ballard.
1:03 of 2nd period - Darren Helm is hit by Max Reinhart and loses puck.
1:14 of 2nd period - Snap shot by Nikolai Zherdev.
1:14 of 2nd period - Shot Misses the Net.
1:28 of 2nd period - Slapshot by Erik Gudbranson.
1:28 of 2nd period - Stopped by Brent Krahn with a rebound.
1:30 of 2nd period - Wrist shot by Max Reinhart.
1:30 of 2nd period - Shot Misses the Net.
1:47 of 2nd period - Icing by Keith Ballard.
1:48 of 2nd period - Marek Zagrapan wins face-off versus Max Reinhart in Remparts zone.
1:55 of 2nd period - Backhand shot by Marek Zagrapan.
1:55 of 2nd period - Shot Misses the Net.
2:15 of 2nd period - Nicolas Blanchard is hit by Pasi Salonen and loses puck.
2:50 of 2nd period - Nigel Dawes is hit by Dale Weise and loses puck.
3:23 of 2nd period - Nicolas Blanchard is hit by Petr Straka and loses puck.
3:42 of 2nd period - Nicolas Blanchard is hit by Guillaume Desbiens and loses puck.
3:49 of 2nd period - Snap shot by Alex Hutchings.
3:49 of 2nd period - Deflect By Nicolas Blanchard.
3:49 of 2nd period - Stopped by Keith Kinkaid with a rebound.
3:51 of 2nd period - Slapshot by Alex Hutchings.
3:51 of 2nd period - Stopped by Keith Kinkaid without a rebound.
3:52 of 2nd period - Marek Zagrapan wins face-off versus Jonathan Matsumoto in Remparts zone.
4:13 of 2nd period - Wrist shot by Rico Fata.
4:13 of 2nd period - Shot Misses the Net.
4:15 of 2nd period - Wrist shot by Rico Fata.
4:15 of 2nd period - Goal by Rico Fata - Remparts : 2 - Demolitions : 0.
4:16 of 2nd period - Marek Zagrapan wins face-off versus Jonathan Matsumoto in neutral zone.
4:21 of 2nd period - Wrist shot by Nigel Dawes.
4:21 of 2nd period - Shot Misses the Net.
4:52 of 2nd period - Snap shot by Rico Fata.
4:52 of 2nd period - Shot Misses the Net.
4:54 of 2nd period - Slapshot by Ty Wishart.
4:54 of 2nd period - Stopped by Brent Krahn with a rebound.
5:10 of 2nd period - Slapshot by Keith Ballard.
5:10 of 2nd period - Stopped by Brent Krahn with a rebound.
5:12 of 2nd period - Slapshot by Keith Ballard.
5:12 of 2nd period - Stopped by Brent Krahn without a rebound.
5:13 of 2nd period - Jonathan Matsumoto wins face-off versus Ryan Vesce in Demolitions zone.
5:16 of 2nd period - Snap shot by Pasi Salonen.
5:16 of 2nd period - Stopped by Brent Krahn without a rebound.
5:17 of 2nd period - Jonathan Matsumoto wins face-off versus Marek Zagrapan in Demolitions zone.
6:07 of 2nd period - Minor Penalty to Johannes Salmonsson for Hooking.
6:08 of 2nd period - Cédric Lalonde-McNicoll wins face-off versus Darren Helm in Remparts zone.
6:20 of 2nd period - Wrist shot by Nikolai Zherdev.
6:20 of 2nd period - Shot Misses the Net.
6:40 of 2nd period - Slapshot by Cameron Schilling.
6:40 of 2nd period - Shot Hit the Post.
8:07 of 2nd period - Penalty to Johannes Salmonsson is over, Johannes Salmonsson is back on ice.
8:15 of 2nd period - Ty Wishart is hit by Matt D'Agostini and loses puck.
8:28 of 2nd period - Snap shot by Matt D'Agostini.
8:28 of 2nd period - Stopped by Keith Kinkaid without a rebound.
8:29 of 2nd period - Nicolas Blanchard wins face-off versus Dale Weise in Remparts zone.
8:51 of 2nd period - Icing by Andrew Campbell.
8:52 of 2nd period - Jonathan Matsumoto wins face-off versus Marek Zagrapan in Demolitions zone.
8:53 of 2nd period - Slapshot by Pasi Salonen.
8:53 of 2nd period - Stopped by Brent Krahn with a rebound.
8:59 of 2nd period - Marek Zagrapan is hit by Jonathan Matsumoto and loses puck.
9:06 of 2nd period - Backhand shot by Nigel Dawes.
9:06 of 2nd period - Stopped by Keith Kinkaid with a rebound.
9:08 of 2nd period - Wrist shot by Nigel Dawes.
9:08 of 2nd period - Stopped by Keith Kinkaid without a rebound.
9:09 of 2nd period - Cédric Lalonde-McNicoll wins face-off versus Darren Helm in Remparts zone.
9:09 of 2nd period - Cédric Lalonde-McNicoll is hit by Nikolai Zherdev.
9:18 of 2nd period - Off-side.
9:19 of 2nd period - Cédric Lalonde-McNicoll wins face-off versus Darren Helm in neutral zone.
10:06 of 2nd period - Icing by Cameron Schilling.
10:07 of 2nd period - Darren Helm wins face-off versus Petr Straka in Demolitions zone.
10:32 of 2nd period - Cameron Schilling is hit by Max Reinhart and loses puck.
11:32 of 2nd period - Snap shot by Matt D'Agostini.
11:32 of 2nd period - Stopped by Keith Kinkaid without a rebound.
11:33 of 2nd period - Matt D'Agostini wins face-off versus Max Reinhart in Remparts zone.
11:34 of 2nd period - Snap shot by Nicolas Blanchard.
11:34 of 2nd period - Stopped by Keith Kinkaid without a rebound.
11:35 of 2nd period - Jonathan Matsumoto wins face-off versus Nicolas Blanchard in Remparts zone.
12:20 of 2nd period - Snap shot by Nicolas Blanchard.
12:20 of 2nd period - Stopped by Keith Kinkaid without a rebound.
12:21 of 2nd period - Cédric Lalonde-McNicoll wins face-off versus Nicolas Blanchard in Remparts zone.
12:21 of 2nd period - Cédric Lalonde-McNicoll is hit by Robert Bortuzzo.
12:26 of 2nd period - Off-side.
12:27 of 2nd period - Nicolas Blanchard wins face-off versus Cédric Lalonde-McNicoll in neutral zone.
12:48 of 2nd period - Minor Penalty to Matt D'Agostini for Hooking.
12:49 of 2nd period - Nikolai Zherdev wins face-off versus Jonathan Matsumoto in Demolitions zone.
12:49 of 2nd period - Nikolai Zherdev is hit by Pasi Salonen.
12:59 of 2nd period - Doug Janik is hit by Keith Ballard and loses puck.
14:10 of 2nd period - Off-side.
14:11 of 2nd period - Cédric Lalonde-McNicoll wins face-off versus Nicolas Blanchard in neutral zone.
14:48 of 2nd period - Penalty to Matt D'Agostini is over, Matt D'Agostini is back on ice.
15:05 of 2nd period - Slapshot by Billy Sweat.
15:05 of 2nd period - Shot Misses the Net.
15:27 of 2nd period - Snap shot by Nate Guenin.
15:27 of 2nd period - Shot Misses the Net.
16:00 of 2nd period - David Rundblad is hit by Max Reinhart and loses puck.
17:05 of 2nd period - Minor Penalty to Robert Bortuzzo for Roughing.
17:06 of 2nd period - Nikolai Zherdev wins face-off versus Jonathan Matsumoto in Demolitions zone.
17:15 of 2nd period - Snap shot by Erik Gudbranson.
17:15 of 2nd period - Stopped by Brent Krahn with a rebound.
17:17 of 2nd period - Snap shot by Jonathan Matsumoto.
17:17 of 2nd period - Stopped by Brent Krahn with a rebound.
17:19 of 2nd period - Slapshot by Petr Straka.
17:19 of 2nd period - Shot Misses the Net.
17:21 of 2nd period - Slapshot by Pasi Salonen.
17:21 of 2nd period - Shot Blocked by Nikolai Zherdev.
17:31 of 2nd period - Bobby Butler is hit by Cédric Lalonde-McNicoll and loses puck.
19:05 of 2nd period - Penalty to Robert Bortuzzo is over, Robert Bortuzzo is back on ice.
19:15 of 2nd period - Darren Helm is hit by Luca Caputi and loses puck.
19:30 of 2nd period - Icing by Darren Helm.
19:31 of 2nd period - Max Reinhart wins face-off versus Nigel Dawes in Demolitions zone.
19:52 of 2nd period - Snap shot by Johannes Salmonsson.
19:52 of 2nd period - Stopped by Brent Krahn without a rebound.
19:53 of 2nd period - Nikolai Zherdev wins face-off versus Jonathan Matsumoto in Demolitions zone.
19:58 of 2nd period - Slapshot by Cameron Schilling.
19:58 of 2nd period - Shot Blocked by Erik Gudbranson.
Goals for this period are 1 for Remparts vs 0 for Demolitions.
Shots for this period are 10 for Remparts vs 8 for Demolitions.

3rd period


0:01 of 3rd period - Darren Helm wins face-off versus Jonathan Matsumoto in neutral zone.
0:04 of 3rd period - Snap shot by Cameron Schilling.
0:04 of 3rd period - Shot Blocked by Keith Ballard.
0:26 of 3rd period - Cédric Lalonde-McNicoll is hit by Cameron Schilling.
0:56 of 3rd period - Snap shot by Billy Sweat.
0:56 of 3rd period - Stopped by Keith Kinkaid without a rebound.
0:57 of 3rd period - Nikolai Zherdev wins face-off versus Petr Straka in Remparts zone.
0:58 of 3rd period - Snap shot by Darren Helm.
0:58 of 3rd period - Shot Misses the Net.
1:04 of 3rd period - Snap shot by Pasi Salonen.
1:04 of 3rd period - Shot Blocked by David Rundblad.
1:06 of 3rd period - Slapshot by Erik Gudbranson.
1:06 of 3rd period - Stopped by Brent Krahn with a rebound.
1:08 of 3rd period - Snap shot by Jonathan Matsumoto.
1:08 of 3rd period - Stopped by Brent Krahn without a rebound.
1:09 of 3rd period - Darren Helm wins face-off versus Jonathan Matsumoto in Demolitions zone.
1:16 of 3rd period - Snap shot by Nikolai Zherdev.
1:16 of 3rd period - Stopped by Keith Kinkaid with a rebound.
1:36 of 3rd period - Ryan Vesce is hit by Erik Gudbranson and loses puck.
1:57 of 3rd period - Snap shot by Nikolai Zherdev.
1:57 of 3rd period - Shot Blocked by Max Reinhart.
2:03 of 3rd period - Alex Hutchings is hit by Nate Guenin and loses puck.
2:21 of 3rd period - Snap shot by Matt D'Agostini.
2:21 of 3rd period - Shot Blocked by Ty Wishart.
3:03 of 3rd period - Snap shot by Darren Helm.
3:03 of 3rd period - Shot Misses the Net.
3:28 of 3rd period - Rico Fata is hit by Matt D'Agostini and loses puck.
3:51 of 3rd period - Andrew Campbell is hit by Johannes Salmonsson and loses puck.
3:56 of 3rd period - Wrist shot by Jonathan Cheechoo.
3:56 of 3rd period - Shot Misses the Net.
3:58 of 3rd period - Slapshot by Erik Gudbranson.
3:58 of 3rd period - Stopped by Brent Krahn with a rebound.
4:00 of 3rd period - Slapshot by Keith Ballard.
4:00 of 3rd period - Stopped by Brent Krahn with a rebound.
4:02 of 3rd period - Slapshot by Erik Gudbranson.
4:02 of 3rd period - Shot Misses the Net.
4:04 of 3rd period - Slapshot by Erik Gudbranson.
4:04 of 3rd period - Shot Misses the Net.
4:06 of 3rd period - Slapshot by Erik Gudbranson.
4:06 of 3rd period - Stopped by Brent Krahn without a rebound.
4:07 of 3rd period - Darren Helm wins face-off versus Jonathan Matsumoto in Demolitions zone.
4:07 of 3rd period - Darren Helm is hit by Pasi Salonen.
4:19 of 3rd period - Snap shot by Pasi Salonen.
4:19 of 3rd period - Stopped by Brent Krahn without a rebound.
4:20 of 3rd period - Darren Helm wins face-off versus Jonathan Matsumoto in Demolitions zone.
4:22 of 3rd period - Minor Penalty to Nikolai Zherdev for Holding.
4:23 of 3rd period - Jonathan Matsumoto wins face-off versus Nicolas Blanchard in Demolitions zone.
4:23 of 3rd period - Snap shot by Pasi Salonen.
4:23 of 3rd period - Shot Misses the Net.
4:25 of 3rd period - Slapshot by Keith Ballard.
4:25 of 3rd period - Goal by Keith Ballard - Remparts : 3 - Demolitions : 0.
4:26 of 3rd period - Darren Helm wins face-off versus Jonathan Matsumoto in neutral zone.
4:51 of 3rd period - Rico Fata is hit by Marek Zagrapan and loses puck.
5:18 of 3rd period - Wrist shot by Nicolas Blanchard.
5:18 of 3rd period - Shot Misses the Net.
5:20 of 3rd period - Snap shot by Matt D'Agostini.
5:20 of 3rd period - Shot Misses the Net.
5:22 of 3rd period - Snap shot by Nicolas Blanchard.
5:22 of 3rd period - Goal by Nicolas Blanchard - Remparts : 3 - Demolitions : 1.
5:23 of 3rd period - Jonathan Matsumoto wins face-off versus Darren Helm in neutral zone.
5:48 of 3rd period - Marek Zagrapan is hit by Rico Fata and loses puck.
6:34 of 3rd period - Wrist shot by Ty Wishart.
6:34 of 3rd period - Deflect By Jonathan Cheechoo.
6:34 of 3rd period - Stopped by Brent Krahn with a rebound.
6:36 of 3rd period - Wrist shot by Jonathan Cheechoo.
6:36 of 3rd period - Stopped by Brent Krahn with a rebound.
6:38 of 3rd period - Slapshot by Ty Wishart.
6:38 of 3rd period - Shot Blocked by Andrew Campbell.
6:40 of 3rd period - Snap shot by Jonathan Cheechoo.
6:40 of 3rd period - Stopped by Brent Krahn with a rebound.
6:54 of 3rd period - Wrist shot by Jonathan Cheechoo.
6:54 of 3rd period - Shot Misses the Net.
6:56 of 3rd period - Snap shot by Jonathan Cheechoo.
6:56 of 3rd period - Shot Misses the Net.
7:20 of 3rd period - Snap shot by Max Reinhart.
7:20 of 3rd period - Stopped by Brent Krahn without a rebound.
7:21 of 3rd period - Jonathan Matsumoto wins face-off versus Marek Zagrapan in Demolitions zone.
7:49 of 3rd period - Slapshot by Erik Gudbranson.
7:49 of 3rd period - Shot Misses the Net.
7:51 of 3rd period - Slapshot by Keith Ballard.
7:51 of 3rd period - Stopped by Brent Krahn without a rebound.
7:52 of 3rd period - Nicolas Blanchard wins face-off versus Cédric Lalonde-McNicoll in Demolitions zone.
7:52 of 3rd period - Nicolas Blanchard is hit by William Colbert.
8:04 of 3rd period - Slapshot by Guillaume Desbiens.
8:04 of 3rd period - Deflect By David Rundblad.
8:04 of 3rd period - Stopped by Brent Krahn with a rebound.
8:06 of 3rd period - Slapshot by Cédric Lalonde-McNicoll.
8:06 of 3rd period - Stopped by Brent Krahn without a rebound.
8:07 of 3rd period - Darren Helm wins face-off versus Jonathan Matsumoto in Demolitions zone.
8:18 of 3rd period - Wrist shot by Bobby Butler.
8:18 of 3rd period - Stopped by Keith Kinkaid without a rebound.
8:19 of 3rd period - Jonathan Matsumoto wins face-off versus Darren Helm in Remparts zone.
8:21 of 3rd period - Minor Penalty to Petr Straka for Holding.
8:22 of 3rd period - Darren Helm wins face-off versus Cédric Lalonde-McNicoll in Remparts zone.
8:24 of 3rd period - Backhand shot by Doug Janik.
8:24 of 3rd period - Shot Blocked by Cédric Lalonde-McNicoll.
8:26 of 3rd period - Slapshot by Doug Janik.
8:26 of 3rd period - Deflect By Keith Ballard.
8:26 of 3rd period - Goal by Doug Janik - Remparts : 3 - Demolitions : 2.
8:27 of 3rd period - Darren Helm wins face-off versus Jonathan Matsumoto in neutral zone.
8:32 of 3rd period - Cameron Schilling is hit by Petr Straka and loses puck.
8:50 of 3rd period - Icing by Cameron Schilling.
8:51 of 3rd period - Cédric Lalonde-McNicoll wins face-off versus Marek Zagrapan in Demolitions zone.
9:24 of 3rd period - Wrist shot by Bobby Butler.
9:24 of 3rd period - Deflect By Nikolai Zherdev.
9:24 of 3rd period - Shot Blocked by Janne Niskala.
9:24 of 3rd period - Puck is out of play.
9:25 of 3rd period - Cédric Lalonde-McNicoll wins face-off versus Darren Helm in Remparts zone.
9:36 of 3rd period - Snap shot by Guillaume Desbiens.
9:36 of 3rd period - Stopped by Brent Krahn without a rebound.
9:37 of 3rd period - Jonathan Matsumoto wins face-off versus Darren Helm in Demolitions zone.
9:38 of 3rd period - Snap shot by Pasi Salonen.
9:38 of 3rd period - Goal by Pasi Salonen - Remparts : 4 - Demolitions : 2.
9:39 of 3rd period - Jonathan Matsumoto wins face-off versus Darren Helm in neutral zone.
9:42 of 3rd period - Wrist shot by Jonathan Matsumoto.
9:42 of 3rd period - Stopped by Brent Krahn without a rebound.
9:43 of 3rd period - Pasi Salonen wins face-off versus Darren Helm in Demolitions zone.
9:50 of 3rd period - Darren Helm is hit by Petr Straka and loses puck.
10:38 of 3rd period - Backhand shot by Erik Gudbranson.
10:38 of 3rd period - Stopped by Brent Krahn without a rebound.
10:39 of 3rd period - Darren Helm wins face-off versus Jonathan Matsumoto in Demolitions zone.
10:41 of 3rd period - Minor Penalty to Bobby Butler for Hooking.
10:42 of 3rd period - Nikolai Zherdev wins face-off versus Jonathan Matsumoto in Demolitions zone.
12:41 of 3rd period - Penalty to Bobby Butler is over, Bobby Butler is back on ice.
13:11 of 3rd period - Slapshot by Nate Guenin.
13:11 of 3rd period - Shot Misses the Net.
14:01 of 3rd period - Luca Caputi is hit by Ryan Vesce and loses puck.
14:28 of 3rd period - Snap shot by David Laliberté.
14:28 of 3rd period - Stopped by Keith Kinkaid without a rebound.
14:29 of 3rd period - Jonathan Matsumoto wins face-off versus Matt D'Agostini in Remparts zone.
14:52 of 3rd period - Marek Zagrapan is hit by Cédric Lalonde-McNicoll and loses puck.
14:59 of 3rd period - Wrist shot by Rico Fata.
14:59 of 3rd period - Shot Blocked by Cameron Schilling.
15:03 of 3rd period - Snap shot by Guillaume Desbiens.
15:03 of 3rd period - Stopped by Brent Krahn with a rebound.
15:38 of 3rd period - Minor Penalty to Nigel Dawes for Elbowing.
15:39 of 3rd period - Nikolai Zherdev wins face-off versus Jonathan Matsumoto in Demolitions zone.
15:50 of 3rd period - Snap shot by Jonathan Matsumoto.
15:50 of 3rd period - Goal by Jonathan Matsumoto - Remparts : 5 - Demolitions : 2.
15:51 of 3rd period - Darren Helm wins face-off versus Jonathan Matsumoto in neutral zone.
16:27 of 3rd period - Snap shot by Marek Zagrapan.
16:27 of 3rd period - Stopped by Keith Kinkaid without a rebound.
16:28 of 3rd period - Darren Helm wins face-off versus Jonathan Matsumoto in Remparts zone.
16:31 of 3rd period - Slapshot by Darren Helm.
16:31 of 3rd period - Shot Misses the Net.
16:41 of 3rd period - Snap shot by Pasi Salonen.
16:41 of 3rd period - Goal by Pasi Salonen - Remparts : 6 - Demolitions : 2.
16:42 of 3rd period - Darren Helm wins face-off versus Jonathan Matsumoto in neutral zone.
16:50 of 3rd period - Darren Helm is hit by Keith Ballard and loses puck.
17:07 of 3rd period - Keith Ballard is hit by Nigel Dawes and loses puck.
18:40 of 3rd period - Icing by Ty Wishart.
18:41 of 3rd period - Nicolas Blanchard wins face-off versus Cédric Lalonde-McNicoll in Remparts zone.
18:46 of 3rd period - Snap shot by Nicolas Blanchard.
18:46 of 3rd period - Stopped by Keith Kinkaid without a rebound.
18:47 of 3rd period - Jonathan Matsumoto wins face-off versus Nicolas Blanchard in Remparts zone.
Goals for this period are 4 for Remparts vs 2 for Demolitions.
Shots for this period are 21 for Remparts vs 8 for Demolitions.